[Event "Titled Tuesday Blitz August 22 Early 2023"]
[White "Schut, Han"]
[Black "Gyulamiryan-koryun"]
[WhiteFideId "1005561"]
[WhiteElo "2237"]
[BlackElo "2031"]
[Result "0-1"]
[Round "8"]
[TimeControl "180+1"]
[Date "2023.08.22"]
[WhiteClock "0:00:13"]
[BlackClock "0:00:05"]
[Board "194"]

1. e4 c5 2. Nf3 e6 3. c4 Nc6 4. Nc3 g6 5. d4 cxd4 6. Nxd4 Bg7 7. Ndb5 Bf8 8. Bf4 e5 9. Nd5 Bc5 10. Nbc7+ Kf8 11. Be3 Bxe3 12. fxe3 Rb8 13. Bd3 d6 14. O-O Kg7 15. Qf3 Nh6 16. h3 Be6 17. Rf2 Rc8 18. Nb5 Rf8 19. Raf1 f5 20. exf5 gxf5 21. Qg3+ Kh8 22. Nbc3 Rg8 23. Qh2 Qg5 24. Kh1 Rcf8 25. b3 Ne7 26. Nxe7 Qxe7 27. Be2 Qg5 28. Nd1 Rg7 29. Bf3 b6 30. Bd5 Bxd5 31. cxd5 Rfg8 32. Re1 Nf7 33. Nc3 Qf6 34. Nb5 Rg3 35. Nc7 Qg6 36. Ne6 h5 37. Ref1 Nh6 38. e4 f4 39. Nc7 Qxe4 40. Ne6 Nf5 41. Nc7 Ne3 42. Re1 Rxg2 43. Rxg2 Rxg2 44. Rxe3 Rxh2+ 45. Kxh2 Qxe3 46. Ne6 Qd2+ 47. Kg1 Qxd5 48. Nd8 e4 49. Nf7+ Qxf7 50. h4 Qg6+ 51. Kf2 e3+ 52. Ke1 f3 53. Kd1 Qg2 54. Kc1 e2 55. Kb2 e1=Q+ 56. Ka3 Qa5# 0-1


[Site "https://www.chess.com"]

[Event "Titled Tuesday Blitz August 22 Early 2023"]
[White "Sericano, Claudio"]
[Black "Kiseleva, Arina"]
[WhiteFideId "800473"]
[BlackFideId "4164989"]
[WhiteElo "2053"]
[BlackElo "2232"]
[Result "1-0"]
[Round "8"]
[TimeControl "180+1"]
[Date "2023.08.22"]
[WhiteClock "0:00:06"]
[BlackClock "0:00:07"]
[Board "195"]

1. e4 c6 2. d4 d5 3. exd5 cxd5 4. c4 Nf6 5. Nc3 e6 6. Nf3 Bb4 7. Be2 O-O 8. O-O dxc4 9. Bxc4 a6 10. Bg5 b5 11. Bd3 Bb7 12. Ne4 Be7 13. Bxf6 Bxf6 14. Nxf6+ Qxf6 15. Ne5 Rd8 16. Re1 Nc6 17. Nxc6 Bxc6 18. Be4 Rxd4 19. Qc2 Bxe4 20. Rxe4 Rxe4 21. Qxe4 Rd8 22. Qe2 g6 23. h3 h5 24. a4 Qf5 25. axb5 axb5 26. Ra5 Rd5 27. Ra3 Rc5 28. Rf3 Qd5 29. Qe3 h4 30. Qf4 e5 31. Qxh4 Rc1+ 32. Kh2 e4 33. Ra3 b4 34. Ra7 Qe5+ 35. g3 Rc8 36. Qe7 Re8 37. Qxe5 Rxe5 38. Rb7 e3 39. fxe3 Rxe3 40. Rxb4 Re2+ 41. Kg1 Kg7 42. Rb7 Rc2 43. b4 Rb2 44. b5 Kf6 45. b6 Ke6 46. Rb8 Kf5 47. Kf1 f6 48. g4+ Kf4 49. b7 f5 50. gxf5 gxf5 51. Ke1 Kf3 52. Kd1 f4 53. Kc1 Rb3 54. Kc2 Rb6 55. Kc3 Kg3 56. Kc4 f3 57. Rg8+ Kf2 58. b8=Q Rxb8 59. Rxb8 Kg3 60. Rf8 f2 61. Rxf2 Kxf2 62. h4 1-0


[Site "https://www.chess.com"]

[Event "Titled Tuesday Blitz August 22 Early 2023"]
[White "Johnson, Ben"]
[Black "elcala"]
[WhiteFideId "2010917"]
[WhiteElo "2125"]
[BlackElo "1699"]
[Result "1-0"]
[Round "8"]
[TimeControl "180+1"]
[Date "2023.08.22"]
[WhiteClock "0:00:17"]
[BlackClock "0:00:00"]
[Board "196"]

1. Nf3 d5 2. e3 Nf6 3. c4 c6 4. Nc3 g6 5. d4 Bg7 6. Be2 O-O 7. O-O Bf5 8. Ne5 Nbd7 9. cxd5 cxd5 10. f4 e6 11. Bd2 Nxe5 12. fxe5 Ne4 13. Nxe4 Bxe4 14. Bf3 Bxf3 15. Qxf3 Rc8 16. Bb4 Rc2 17. Bxf8 Qxf8 18. Rf2 Rxf2 19. Qxf2 Qc8 20. Qd2 Bh6 21. Rc1 Qd7 22. Rc3 Qa4 23. b3 Qd7 24. Qc1 Qb5 25. Qc2 Kg7 26. a4 Qb4 27. g4 Bg5 28. Kg2 Bd8 29. Kf1 Ba5 30. Rd3 Bd8 31. Kg2 Bh4 32. Qc3 Qb6 33. Qc5 Qd8 34. b4 Qg5 35. Qc2 Qxg4+ 36. Kh1 Qf3+ 37. Qg2 Qxg2+ 38. Kxg2 Be1 39. b5 a6 40. Rd1 Bb4 41. bxa6 bxa6 42. Rc1 a5 43. Rc7 h6 44. Kf3 g5 45. e4 dxe4+ 46. Kxe4 Kg6 47. d5 exd5+ 48. Kxd5 h5 49. Rc6+ Kg7 50. Rc4 Kg6 51. Kc6 1-0


[Site "https://www.chess.com"]

[Event "Titled Tuesday Blitz August 22 Early 2023"]
[White "Vargas, Mauricio"]
[Black "Todev, Simeon"]
[WhiteFideId "4404572"]
[BlackFideId "2925133"]
[WhiteElo "1857"]
[BlackElo "2404"]
[Result "0-1"]
[Round "8"]
[TimeControl "180+1"]
[Date "2023.08.22"]
[WhiteClock "0:00:00"]
[BlackClock "0:01:04"]
[Board "198"]

1. e4 c5 2. Nc3 Nc6 3. f4 g6 4. Nf3 Bg7 5. Bb5 d6 6. Bxc6+ bxc6 7. d3 Nf6 8. O-O O-O 9. Qe1 d5 10. e5 Ne8 11. b3 f6 12. e6 f5 13. Ng5 Nc7 14. Qh4 h5 15. Nf7 Qe8 16. Re1 Bxc3 17. Qg5 Bxa1 18. Qxg6+ Bg7 19. Bb2 Nxe6 20. Nh6+ Kh8 21. Bxg7+ Nxg7 22. Qg5 e6 23. c4 Bd7 24. cxd5 cxd5 0-1


[Site "https://www.chess.com"]

[Event "Titled Tuesday Blitz August 22 Early 2023"]
[White "Esipenko, Andrey"]
[Black "Nihal Sarin"]
[WhiteFideId "24175439"]
[BlackFideId "25092340"]
[WhiteElo "2993"]
[BlackElo "3144"]
[Result "0-1"]
[Round "9"]
[TimeControl "180+1"]
[Date "2023.08.22"]
[WhiteClock "0:00:11"]
[BlackClock "0:00:15"]
[Board "1"]

1. e4 e6 2. d4 d5 3. e5 c5 4. c3 Qb6 5. Nf3 Nc6 6. a3 c4 7. Nbd2 Na5 8. h4 h6 9. Rb1 Bd7 10. b4 cxb3 11. Nxb3 Nxb3 12. Rxb3 Qc7 13. Rb1 Ne7 14. Bd2 Nc6 15. a4 Na5 16. Bd3 Nc4 17. Bf4 Be7 18. h5 Bc6 19. Nd2 Qa5 20. Qc2 Na3 21. Qb2 Nxb1 22. Nxb1 Qxa4 23. O-O a6 24. Re1 Rc8 25. Bc2 Qa5 26. Qc1 Ba4 27. Bd3 Bb5 28. Bc2 Qa2 29. Re3 Kd7 30. Rg3 Bf8 31. Qd1 Ke8 32. Nd2 Qb2 33. Nb1 Bd7 34. Bc1 Qa1 35. Qg4 Qa2 36. Qd1 a5 37. Bb3 Qxb1 0-1


[Site "https://www.chess.com"]

[Event "Titled Tuesday Blitz August 22 Early 2023"]
[White "Sarana, Alexey"]
[Black "Nakamura, Hikaru"]
[WhiteFideId "24133795"]
[BlackFideId "2016192"]
[WhiteElo "3041"]
[BlackElo "3223"]
[Result "0-1"]
[Round "9"]
[TimeControl "180+1"]
[Date "2023.08.22"]
[WhiteClock "0:00:00"]
[BlackClock "0:00:27"]
[Board "2"]

1. d4 Nf6 2. c4 e6 3. Nc3 d5 4. cxd5 exd5 5. Bf4 c5 6. e3 c4 7. Nf3 Bb4 8. Be2 Ne4 9. Rc1 Qa5 10. O-O Bxc3 11. bxc3 O-O 12. Qc2 Nd7 13. Ne5 Nb6 14. f3 Nf6 15. Bg5 Nfd7 16. Be7 Re8 17. Bd6 Re6 18. Bb4 Qa4 19. Qxa4 Nxa4 20. Nxd7 Bxd7 21. e4 a5 22. Ba3 Rc8 23. e5 b5 24. f4 Rb6 25. Bd6 b4 26. cxb4 axb4 27. f5 Nc3 28. Rc2 Ne4 29. Be7 c3 30. f6 Ba4 31. Rcc1 c2 32. Bd3 Nc3 33. Ra1 Bb5 34. Bxc2 Ne2+ 35. Kh1 Rxc2 36. Rfb1 Rbc6 0-1


[Site "https://www.chess.com"]

[Event "Titled Tuesday Blitz August 22 Early 2023"]
[White "Terry, Renato"]
[Black "Vachier-Lagrave, Maxime"]
[WhiteFideId "3803457"]
[BlackFideId "623539"]
[WhiteElo "2964"]
[BlackElo "3145"]
[Result "1/2-1/2"]
[Round "9"]
[TimeControl "180+1"]
[Date "2023.08.22"]
[WhiteClock "0:00:05"]
[BlackClock "0:00:46"]
[Board "3"]

1. d4 Nf6 2. Nf3 d5 3. c4 dxc4 4. e3 e6 5. Bxc4 a6 6. O-O c5 7. dxc5 Bxc5 8. Qxd8+ Kxd8 9. Nbd2 Ke7 10. Be2 b6 11. Ne5 Bb7 12. Nd3 Bd6 13. Nc4 Bc7 14. b3 Rd8 15. Ba3+ Ke8 16. Rac1 Nc6 17. Rfd1 Rac8 18. Bf3 Bb8 19. Nxb6 Rc7 20. Nc4 Rcd7 21. Nc5 Rxd1+ 22. Bxd1 Bc8 23. Nb6 Bd6 24. Be2 Nd5 25. Nxc8 Rxc8 26. Bxa6 Rb8 27. Nd3 Bxa3 28. Rxc6 Ke7 29. e4 Nb4 30. Nxb4 Bxb4 31. e5 Ra8 32. g3 f6 33. Bc4 fxe5 34. Rxe6+ Kd7 35. Rxe5 Rxa2 36. Kg2 Kd6 37. Re6+ Kd7 38. Re5 Kd6 39. Rd5+ Kc6 40. Rd3 Bc5 41. Rf3 Rd2 42. h4 g6 43. Rf7 Bd4 44. Rxh7 Rxf2+ 45. Kh3 Be5 46. Rh6 Rf6 47. Bd3 Kc5 48. Rxg6 Rf3 49. Bc4 Re3 50. h5 Re1 51. h6 Kd4 52. Kg4 Ke4 53. Bb5 Re3 54. b4 Rxg3+ 55. Kh5 Rh3+ 56. Kg4 Rg3+ 57. Kh5 Rh3+ 58. Kg4 Rg3+ 1/2-1/2


[Site "https://www.chess.com"]

[Event "Titled Tuesday Blitz August 22 Early 2023"]
[White "Henriquez Villagra, Cristobal"]
[Black "Erigaisi Arjun"]
[WhiteFideId "3409350"]
[BlackFideId "35009192"]
[WhiteElo "2938"]
[BlackElo "3068"]
[Result "0-1"]
[Round "9"]
[TimeControl "180+1"]
[Date "2023.08.22"]
[WhiteClock "0:00:04"]
[BlackClock "0:00:05"]
[Board "4"]

1. e4 c6 2. d4 d5 3. e5 Bf5 4. h4 h6 5. g4 Bd7 6. Nc3 e6 7. Nce2 c5 8. c3 h5 9. gxh5 Nc6 10. Nf3 Rxh5 11. Ng3 Rh8 12. Bd3 Nh6 13. a3 Qb6 14. Bc2 Rc8 15. Rb1 a5 16. Kf1 a4 17. Kg2 Qa6 18. h5 b5 19. dxc5 Bxc5 20. Rh4 Na5 21. Qd2 Kf8 22. Nd4 Nc4 23. Qe2 Be7 24. Rh3 f5 25. Bf4 Re8 26. Bd3 Nf7 27. Kh2 Bc5 28. Rg1 Rh7 29. Nf1 Bxd4 30. cxd4 Qb6 31. Be3 b4 32. Bxc4 dxc4 33. Qxc4 bxa3 34. bxa3 Rc8 35. Qe2 Qb3 36. h6 g5 37. Bxg5 Rc3 38. Be3 f4 39. Qg4 fxe3 40. Qg8+ Ke7 41. Nxe3 Qb2 42. Rg2 Qb1 43. Rgg3 Rc1 44. Rg7 Rh1+ 45. Kg3 Qg1+ 46. Ng2 Rxh3+ 47. Kxh3 Rxh6+ 48. Kg3 Qh2+ 49. Kf3 Qh5+ 50. Ke3 Bc6 51. Nh4 Be8 52. Nf3 Kd8 53. Ng5 Nxg5 54. Qf8 Qf3+ 55. Qxf3 Nxf3 56. Kxf3 Rh3+ 57. Rg3 Bc6+ 58. Kf4 Rxg3 59. fxg3 Ke7 60. Kg5 Kf7 61. Kh6 Be4 62. g4 Bg6 63. Kg5 Kg7 64. Kf4 Bc2 65. Kg5 Bd3 66. Kh5 Be2 67. Kg5 Bf3 68. Kh5 Kf7 69. Kg5 Ke7 70. Kf4 Bd1 71. Kg5 Kd7 72. Kh4 Kc6 73. g5 Bc2 74. Kh5 Kd5 0-1


[Site "https://www.chess.com"]

[Event "Titled Tuesday Blitz August 22 Early 2023"]
[White "Demchenko, Anton"]
[Black "Bortnyk, Olexandr"]
[WhiteFideId "4160258"]
[BlackFideId "14120828"]
[WhiteElo "2948"]
[BlackElo "3058"]
[Result "1-0"]
[Round "9"]
[TimeControl "180+1"]
[Date "2023.08.22"]
[WhiteClock "0:00:16"]
[BlackClock "0:00:02"]
[Board "5"]

1. e4 Nf6 2. e5 Nd5 3. d4 d6 4. Nf3 dxe5 5. Nxe5 c6 6. h3 Nd7 7. Nf3 g6 8. Bd3 Bg7 9. O-O O-O 10. Re1 Re8 11. Nbd2 Qc7 12. Nc4 b5 13. Nce5 Nxe5 14. dxe5 a6 15. c3 Be6 16. Qe2 Rad8 17. a4 Nb6 18. axb5 axb5 19. Nd4 Bc4 20. Bxc4 Nxc4 21. Bf4 Rd5 22. Nf3 h6 23. b3 Nb6 24. c4 bxc4 25. bxc4 Rdd8 26. h4 e6 27. Reb1 Nd7 28. Qe3 h5 29. Ra7 Qc8 30. Rbb7 Bf8 31. Rc7 Bc5 32. Rxc8 Rxc8 33. Rxd7 Bxe3 34. fxe3 Red8 35. Rd6 Ra8 36. c5 Rdc8 37. Ng5 Rc7 38. Kf2 Kg7 39. Kf3 Kg8 40. Ne4 Kg7 41. Bg5 Rb8 42. Bd8 Rcc8 43. Bf6+ Kg8 44. Rd7 Ra8 45. Nd6 Rf8 46. Rc7 Ra6 47. g3 Ra1 48. Rxc6 Rf1+ 49. Kg2 Re1 50. Kf2 Rb1 51. Rc7 Ra8 52. c6 Ra2+ 53. Kf3 Rf1+ 54. Ke4 Ra4+ 55. Kd3 Ra8 56. Nxf7 Rd1+ 57. Ke2 Rc1 58. Nd6 Ra2+ 59. Kd3 Ra3+ 60. Kd2 Rac3 61. Rc8+ Kh7 62. Rh8# 1-0


[Site "https://www.chess.com"]

[Event "Titled Tuesday Blitz August 22 Early 2023"]
[White "Zhigalko, Sergei"]
[Black "Martinez Alcantara, Jose Eduardo"]
[WhiteFideId "13502956"]
[BlackFideId "3805662"]
[WhiteElo "2940"]
[BlackElo "3037"]
[Result "1-0"]
[Round "9"]
[TimeControl "180+1"]
[Date "2023.08.22"]
[WhiteClock "0:00:08"]
[BlackClock "0:00:19"]
[Board "6"]

1. e4 c5 2. c3 d6 3. d4 Nf6 4. Bd3 Qc7 5. Nf3 Bg4 6. O-O Nbd7 7. h3 Bh5 8. Bf4 e6 9. Nbd2 Be7 10. Re1 O-O 11. e5 dxe5 12. dxe5 Nd5 13. Bg3 Rad8 14. Qe2 Bg6 15. Rad1 a6 16. Bxg6 fxg6 17. Ne4 b5 18. c4 bxc4 19. Qxc4 Qb7 20. Neg5 Bxg5 21. Nxg5 Rde8 22. Nxe6 N7b6 23. Qg4 Rf5 24. Nxc5 Qc6 25. Nb3 Qc8 26. Nd4 Rff8 27. Qxc8 Rxc8 28. e6 Rfe8 29. Rc1 Nb4 30. Rxc8 Rxc8 31. Bd6 Nd3 32. Re2 Nc4 33. Ba3 h6 34. Rc2 Nde5 35. b3 Rd8 36. e7 Re8 37. bxc4 Nd7 38. Re2 Nb6 39. c5 Nd5 40. c6 Nf4 41. Re4 Nd5 42. Re5 Nf4 43. Kf1 Nd3 44. Re3 Nf4 45. g3 Nd5 46. Re4 Nb6 47. Bc5 Nd5 48. Re1 Kf7 49. h4 Rc8 50. e8=Q+ Rxe8 51. Rxe8 Kxe8 52. Ne6 Kf7 53. c7 Ne7 54. Bxe7 Kxe6 55. c8=Q+ Kf7 56. Qf8+ Ke6 57. Qxg7 Kd5 58. Qxg6 Kc4 59. Qxh6 a5 60. Qe3 a4 61. Qa3 Kb5 62. Qb4+ Kc6 63. Qxa4+ Kd5 64. Qf4 Ke6 65. h5 Kd7 66. h6 Ke6 67. h7 Kd7 68. Qd6+ Ke8 69. h8=Q+ Kf7 70. Qf8# 1-0


[Site "https://www.chess.com"]

[Event "Titled Tuesday Blitz August 22 Early 2023"]
[White "Sadhwani, Raunak"]
[Black "Chigaev, Maksim"]
[WhiteFideId "35093487"]
[BlackFideId "4108116"]
[WhiteElo "3036"]
[BlackElo "2925"]
[Result "0-1"]
[Round "9"]
[TimeControl "180+1"]
[Date "2023.08.22"]
[WhiteClock "0:00:00"]
[BlackClock "0:00:05"]
[Board "7"]

1. e4 e5 2. Nf3 Nc6 3. Bb5 a6 4. Ba4 Nf6 5. d3 d6 6. c3 Be7 7. O-O O-O 8. Re1 Re8 9. Nbd2 Bf8 10. Nf1 h6 11. Ng3 b5 12. Bc2 d5 13. exd5 Qxd5 14. h3 Bb7 15. Ne4 Nxe4 16. dxe4 Qxd1 17. Rxd1 Red8 18. Be3 Bd6 19. Nd2 Kf8 20. a4 b4 21. a5 Rab8 22. Nb3 bxc3 23. bxc3 Bc8 24. Nc5 Ke7 25. Bd3 Ra8 26. Bc4 Nb8 27. Bd5 c6 28. Bc4 Nd7 29. Na4 Bc7 30. Nb6 Rb8 31. Nxc8+ Rbxc8 32. Bxa6 Ra8 33. Bb7 Rxa5 34. Bxc6 Rxa1 35. Rxa1 Bb6 36. Bc1 Bc5 37. Bd5 Nf6 38. c4 Rb8 39. Kf1 Bd4 40. Ba3+ Kd7 41. Rd1 Nxd5 42. cxd5 g6 43. Ke2 f5 44. exf5 gxf5 45. g4 Rb3 46. Bf8 Rxh3 47. gxf5 Rh2 48. Rf1 Rh4 49. f6 Rf4 50. Be7 e4 51. Rb1 Rxf2+ 52. Ke1 e3 53. Rb7+ Kc8 54. Rb4 Bc3+ 55. Kd1 e2+ 0-1


[Site "https://www.chess.com"]

[Event "Titled Tuesday Blitz August 22 Early 2023"]
[White "Kovalev, Vladislav"]
[Black "Andreikin, Dmitry"]
[WhiteFideId "13504398"]
[BlackFideId "4158814"]
[WhiteElo "2919"]
[BlackElo "3001"]
[Result "1/2-1/2"]
[Round "9"]
[TimeControl "180+1"]
[Date "2023.08.22"]
[WhiteClock "0:00:17"]
[BlackClock "0:01:12"]
[Board "8"]

1. e4 c5 2. Nf3 e6 3. c3 Nf6 4. e5 Nd5 5. d4 cxd4 6. cxd4 d6 7. Bc4 Nc6 8. O-O dxe5 9. dxe5 Nb6 10. Bd3 Nb4 11. Be4 Qxd1 12. Rxd1 Bd7 13. Nc3 Bc6 14. Bxc6+ Nxc6 15. Nb5 Rc8 16. Be3 Nd5 17. Bxa7 Nxa7 18. Nxa7 Rc2 19. Rac1 Rxb2 20. Rc8+ Kd7 21. a4 Ra2 22. Rb1 b6 23. Rb8 Kc7 24. Re8 Kd7 25. Rb8 Kc7 26. Re8 Kd7 27. Rb8 1/2-1/2


[Site "https://www.chess.com"]

[Event "Titled Tuesday Blitz August 22 Early 2023"]
[White "Svane, Rasmus"]
[Black "Elsa167"]
[WhiteFideId "4657101"]
[WhiteElo "2999"]
[BlackElo "2881"]
[Result "1/2-1/2"]
[Round "9"]
[TimeControl "180+1"]
[Date "2023.08.22"]
[WhiteClock "0:00:07"]
[BlackClock "0:00:05"]
[Board "9"]

1. Nf3 Nf6 2. g3 e6 3. Bg2 d5 4. O-O Be7 5. c4 O-O 6. b3 a5 7. Nc3 c6 8. Bb2 b6 9. Qc2 Ba6 10. d3 b5 11. Rfd1 Qb6 12. Rac1 Nbd7 13. e4 bxc4 14. dxc4 dxc4 15. bxc4 e5 16. Na4 Qc7 17. c5 Bb5 18. Nb6 Rad8 19. Nxd7 Nxd7 20. a4 Ba6 21. Bh3 Nxc5 22. Bxe5 Rxd1+ 23. Rxd1 Qb6 24. Rb1 Qd8 25. Rd1 Qb6 26. Nd4 Rd8 27. Nf5 Bf8 28. Rxd8 Qxd8 29. Bf1 Bxf1 30. Kxf1 Qd3+ 31. Qxd3 Nxd3 32. Bc3 Nc5 33. Bxa5 Nxa4 34. Ke2 Nc5 35. f3 g6 36. Ne3 Ne6 37. Bc3 Bc5 38. Ng4 Kf8 39. Nf6 h5 40. Nd7+ Ke8 41. Nxc5 Nxc5 42. Ke3 Ne6 43. h4 Kd7 44. g4 Kd6 45. gxh5 gxh5 46. f4 c5 47. f5 Nc7 48. Kf4 Nb5 49. Be5+ Ke7 50. Kg5 c4 51. Kxh5 c3 52. Kh6 f6 53. Bf4 Kf7 54. e5 fxe5 55. Bxe5 c2 56. Bb2 Nd4 57. Kg5 Ne2 58. h5 c1=Q+ 59. Bxc1 Nxc1 60. h6 Nd3 61. f6 Ne5 62. h7 Ng6 63. Kf5 Nh8 64. Kg5 Ng6 65. Kh6 Kxf6 66. h8=Q+ Nxh8 1/2-1/2


[Site "https://www.chess.com"]

[Event "Titled Tuesday Blitz August 22 Early 2023"]
[White "Kevlishvili, Robby"]
[Black "CrazyAdvenTures"]
[WhiteFideId "1040634"]
[WhiteElo "2983"]
[BlackElo "2696"]
[Result "0-1"]
[Round "9"]
[TimeControl "180+1"]
[Date "2023.08.22"]
[WhiteClock "0:00:03"]
[BlackClock "0:00:06"]
[Board "10"]

1. e4 e5 2. Nf3 Nc6 3. Bb5 f5 4. Nc3 fxe4 5. Nxe4 Nf6 6. Qe2 d5 7. Nxf6+ gxf6 8. d4 e4 9. Nh4 Qe7 10. O-O Bd7 11. Bxc6 bxc6 12. Bf4 Be6 13. c4 Bg7 14. g3 O-O 15. Ng2 f5 16. Rfd1 dxc4 17. Ne3 Rfd8 18. Be5 Bxe5 19. dxe5 Rd3 20. Ng2 Bf7 21. Nf4 Rxd1+ 22. Rxd1 Qxe5 23. Rd7 Rb8 24. Rd2 Qf6 25. Kg2 Rd8 26. Rxd8+ Qxd8 27. Qe3 a5 28. h4 Qd1 29. Qc3 Bd5 30. Qe3 Qf3+ 31. Qxf3 exf3+ 32. Kf1 c3 33. bxc3 Bxa2 34. Ke1 Bc4 35. Kd2 a4 36. Kc1 a3 37. Kb1 a2+ 38. Kb2 Kf7 39. Ka1 Kf6 40. Kb2 Ke5 41. Ka1 Ke4 42. Kb2 Bf7 43. Ka1 h6 44. Kb2 Bb3 45. Ka1 Ke5 46. Kb2 Kd6 47. Ka1 Kc5 48. Kb2 Kc4 49. Ne6 a1=Q+ 50. Kxa1 Kxc3 51. Ng7 Bc2 52. Ne6 Kd2 53. Nd4 Be4 54. Kb2 Ke1 55. g4 fxg4 0-1


[Site "https://www.chess.com"]

[Event "Titled Tuesday Blitz August 22 Early 2023"]
[White "Dubov, Daniil"]
[Black "Bachmann, Axel"]
[WhiteFideId "24126055"]
[BlackFideId "3700488"]
[WhiteElo "3031"]
[BlackElo "2866"]
[Result "1-0"]
[Round "9"]
[TimeControl "180+1"]
[Date "2023.08.22"]
[WhiteClock "0:00:22"]
[BlackClock "0:00:00"]
[Board "11"]

1. d4 Nf6 2. c4 c5 3. d5 e6 4. Nc3 exd5 5. cxd5 d6 6. Nf3 g6 7. Nd2 Bg7 8. e4 O-O 9. Be2 Re8 10. O-O a6 11. a4 Nbd7 12. h3 Rb8 13. Qc2 h6 14. Ra3 g5 15. f4 gxf4 16. Rxf4 Ne5 17. Nf1 Ng6 18. Rf2 Nd7 19. Nd1 b5 20. axb5 axb5 21. Rg3 Nde5 22. Nde3 Kh8 23. Nf5 Bxf5 24. exf5 Nf8 25. f6 Bxf6 26. Bxh6 Nfg6 27. Qf5 Bh4 28. Qh5 Kg8 29. Bg5 Bxg5 30. Rxg5 Kg7 31. Ng3 Rh8 32. Nf5+ Kf8 33. Nh6 Kg7 34. Rxf7+ 1-0


[Site "https://www.chess.com"]

[Event "Titled Tuesday Blitz August 22 Early 2023"]
[White "Ibrahimli, Murad"]
[Black "Grischuk, Alexander"]
[WhiteFideId "13410229"]
[BlackFideId "4126025"]
[WhiteElo "2866"]
[BlackElo "3028"]
[Result "1-0"]
[Round "9"]
[TimeControl "180+1"]
[Date "2023.08.22"]
[WhiteClock "0:00:14"]
[BlackClock "0:00:00"]
[Board "12"]

1. d4 e6 2. c4 b6 3. a3 Bb7 4. Nc3 f5 5. Bf4 Nf6 6. e3 Be7 7. h3 O-O 8. Nf3 Ne4 9. Bd3 Bf6 10. Qc2 Nxc3 11. bxc3 Bxf3 12. gxf3 Nc6 13. Bg3 Qe7 14. h4 Na5 15. h5 c5 16. d5 Nb7 17. Rd1 Bg5 18. d6 Qf6 19. f4 Bh6 20. Be2 Na5 21. Kf1 Rac8 22. Kg2 Qf7 23. Qa4 Rfe8 24. Qb5 Nc6 25. Bf3 Kh8 26. Rh4 Qf6 27. Qb2 Na5 28. Be2 Qf8 29. Rhh1 Rc6 30. Qd2 Nb7 31. Bf3 Rxd6 32. Qc2 Na5 33. Qa4 Nc6 34. Qa6 e5 35. Bxc6 Rxc6 36. Qxa7 exf4 37. exf4 Rd6 38. Rhe1 Rde6 39. Rxe6 dxe6 40. Qxb6 e5 41. Qd6 exf4 42. Qxf8+ Rxf8 43. Bh4 Kg8 44. Rd8 1-0


[Site "https://www.chess.com"]

[Event "Titled Tuesday Blitz August 22 Early 2023"]
[White "Bluebaum, Matthias"]
[Black "Bacrot, Etienne"]
[WhiteFideId "24651516"]
[BlackFideId "605506"]
[WhiteElo "3014"]
[BlackElo "2846"]
[Result "1-0"]
[Round "9"]
[TimeControl "180+1"]
[Date "2023.08.22"]
[WhiteClock "0:01:35"]
[BlackClock "0:00:51"]
[Board "13"]

1. d4 d5 2. c4 c6 3. Nf3 Nf6 4. Nc3 dxc4 5. e4 b5 6. Qc2 e6 7. Be2 Bb7 8. O-O Be7 9. Rb1 Qc7 10. e5 Nd5 11. Bg5 O-O 12. Ne4 h6 13. Bxe7 Qxe7 14. b3 cxb3 15. Rxb3 Nd7 16. Nd6 Rab8 17. Nd2 Ba8 18. Rg3 f5 19. Nb3 Nf4 20. Bf3 Nb6 21. Nc5 Rbd8 22. Qc1 Qh4 23. Qxf4 Qxf4 24. Nxe6 Qh4 25. Rxg7+ Kh8 26. Rxa7 Rd7 27. Nxf8 1-0


[Site "https://www.chess.com"]

[Event "Titled Tuesday Blitz August 22 Early 2023"]
[White "Yeletsky, Ivan"]
[Black "Xiong, Jeffery"]
[WhiteFideId "24180327"]
[BlackFideId "2047640"]
[WhiteElo "2871"]
[BlackElo "2995"]
[Result "0-1"]
[Round "9"]
[TimeControl "180+1"]
[Date "2023.08.22"]
[WhiteClock "0:00:00"]
[BlackClock "0:00:22"]
[Board "14"]

1. d4 Nf6 2. c4 e6 3. Nf3 d5 4. g3 Be7 5. Bg2 O-O 6. O-O Nbd7 7. Qc2 c6 8. Nbd2 b6 9. e4 dxc4 10. Nxc4 Bb7 11. Rd1 c5 12. d5 exd5 13. exd5 Bxd5 14. Ne3 Bb7 15. Nf5 Be4 16. Nxe7+ Qxe7 17. Qc3 Rfe8 18. Re1 Qd6 19. Bf4 Qc6 20. Rad1 Nd5 21. Qd2 Nxf4 22. Qxf4 Nf6 23. Nh4 Bxg2 24. Nxg2 Rxe1+ 25. Nxe1 Re8 26. Ng2 h6 27. Ne3 Qe6 28. b3 Ne4 29. Nd5 Ng5 30. Qe3 Qxe3 31. Nxe3 Nf3+ 32. Kg2 Nd4 33. b4 Rb8 34. Nd5 Kf8 35. h4 Ne6 36. a3 Rd8 37. bxc5 Nxc5 38. Kf3 Ne6 39. Ke2 Rc8 40. Nb4 Rc3 41. Rd7 Rxa3 42. Nc6 a5 43. Rb7 g5 44. hxg5 hxg5 45. Rxb6 a4 46. Rb8+ Kg7 47. Ra8 Nc5 48. Ne5 Kf6 49. Nc4 Rc3 50. Ne3 Rb3 51. Ra5 Ne4 52. Nd5+ Ke6 53. Ne3 Nc3+ 54. Kf3 a3 55. Ra6+ Kd7 56. Kg4 a2 57. Kxg5 Rb1 58. Nc2 Rc1 59. Ra7+ Ke8 60. Ra8+ Ke7 61. Ra7+ Kd8 62. Ra8+ Kc7 63. Nd4 a1=Q 64. Rxa1 Rxa1 65. Kf6 Ne4+ 66. Kxf7 Nxf2 0-1


[Site "https://www.chess.com"]

[Event "Titled Tuesday Blitz August 22 Early 2023"]
[White "Tari, Aryan"]
[Black "Pakleza, Zbigniew"]
[WhiteFideId "1510045"]
[BlackFideId "1119290"]
[WhiteElo "2944"]
[BlackElo "2842"]
[Result "0-1"]
[Round "9"]
[TimeControl "180+1"]
[Date "2023.08.22"]
[WhiteClock "0:00:00"]
[BlackClock "0:00:08"]
[Board "15"]

1. e4 d6 2. d4 Nf6 3. Bd3 e5 4. c3 d5 5. exd5 exd4 6. c4 c6 7. Nf3 Bb4+ 8. Bd2 Bxd2+ 9. Nbxd2 O-O 10. O-O cxd5 11. Nxd4 Nc6 12. Nxc6 bxc6 13. Qc2 h6 14. cxd5 cxd5 15. Nb3 Qb6 16. Rac1 Be6 17. Qc5 Rfb8 18. Rc2 Ne4 19. Qxb6 axb6 20. a3 Nc5 21. Nc1 Rc8 22. Bb5 d4 23. Rd2 Rd8 24. Rfd1 Nb3 25. Nxb3 Bxb3 26. Rc1 Rac8 27. Rxc8 Rxc8 28. Rxd4 Rc1+ 29. Bf1 b5 30. Rd8+ Kh7 31. Rd4 Bc4 32. Rxc4 bxc4 33. g3 Kg6 34. Kg2 Kf6 35. Be2 Ke5 36. a4 Kd4 37. a5 Rc2 38. Bd1 Rxb2 0-1


[Site "https://www.chess.com"]

[Event "Titled Tuesday Blitz August 22 Early 2023"]
[White "Bauman_Guy"]
[Black "Dardha, Daniel"]
[BlackFideId "240990"]
[WhiteElo "2818"]
[BlackElo "2944"]
[Result "0-1"]
[Round "9"]
[TimeControl "180+1"]
[Date "2023.08.22"]
[WhiteClock "0:00:14"]
[BlackClock "0:00:16"]
[Board "16"]

1. e4 b5 2. Bxb5 Bb7 3. Nc3 f5 4. exf5 Bxg2 5. Qh5+ g6 6. fxg6 Bg7 7. gxh7+ Kf8 8. hxg8=Q+ Kxg8 9. Qg4 Bxh1 10. d4 e6 11. Nf3 Qf6 12. Ne5 d6 13. Bg5 Qf5 14. Qxf5 exf5 15. Ng6 Rxh2 16. O-O-O Bf3 17. Rg1 Rh1 18. Rxh1 Bxh1 19. Ne7+ Kf7 20. Nxf5 Bf6 21. Bxf6 Kxf6 22. Ne3 c6 23. Bd3 Nd7 24. Ne4+ Bxe4 25. Bxe4 d5 26. Bd3 Ke6 27. Kd2 Rf8 28. Ke2 c5 29. dxc5 Nxc5 30. Nd1 Ke5 31. c3 Ne6 32. Bc2 Rb8 33. Kd2 Nc5 34. b4 Ne6 35. Ne3 Rf8 36. Ng4+ Kd6 37. Ke3 Ng5 38. f4 Re8+ 39. Kf2 Ne4+ 40. Kf3 Nxc3 41. f5 Ne2 42. Bd3 Nc1 43. Bb1 Rb8 44. a3 a5 45. f6 axb4 46. axb4 Rxb4 47. Bg6 Nb3 48. f7 Nd4+ 49. Kf4 Ne6+ 50. Kf5 Rf4# 0-1


[Site "https://www.chess.com"]

[Event "Titled Tuesday Blitz August 22 Early 2023"]
[White "Kramnik, Vladimir"]
[Black "Kosakowski, Jakub"]
[WhiteFideId "4101588"]
[BlackFideId "1185080"]
[WhiteElo "2940"]
[BlackElo "2812"]
[Result "0-1"]
[Round "9"]
[TimeControl "180+1"]
[Date "2023.08.22"]
[WhiteClock "0:00:00"]
[BlackClock "0:00:24"]
[Board "17"]

1. e4 c6 2. d4 d5 3. Nd2 dxe4 4. Nxe4 Nf6 5. Nxf6+ exf6 6. c3 Bd6 7. Bd3 O-O 8. Ne2 Re8 9. O-O Nd7 10. Ng3 Nf8 11. a4 Bc7 12. f4 Ng6 13. Qh5 Qd5 14. Qxd5 cxd5 15. f5 Ne7 16. Bf4 Bxf4 17. Rxf4 Bd7 18. a5 Nc8 19. Rff1 Nd6 20. Rfe1 Kf8 21. Kf2 Rxe1 22. Rxe1 Rc8 23. Ke3 Bb5 24. Bxb5 Nxb5 25. Kd3 Rc6 26. Nh5 Ra6 27. Nf4 Nc7 28. Ra1 Ke7 29. b3 b6 30. Re1+ Kd7 31. axb6 axb6 32. Nh5 Ne8 33. Re2 Ra3 34. Rb2 Ra1 35. c4 Rd1+ 36. Kc3 Nd6 37. Nxg7 Ne4+ 38. Kb4 Rxd4 39. Rc2 Kd6 40. Kb5 dxc4 41. bxc4 Kc7 42. Nh5 Nd6+ 43. Kb4 Kc6 44. Nxf6 b5 45. Nxh7 bxc4 46. Ng5 Kd5 47. Nf3 Rf4 48. Rd2+ Kc6 49. h4 c3+ 0-1


[Site "https://www.chess.com"]